 Dungeon Crawl Stone Soup version 0.29-a0-393-g47a863cc1b (console) character file.

Game seed: 12335013392727566123

72 om the Ruffian (level 4, 0/40 HPs)
             Began as a Ghoul Monk on May 10, 2022.
             Slain by a rat (2 damage)
             ... on level 3 of the Dungeon.
             The game lasted 00:04:49 (3074 turns).

om the Ruffian (Ghoul Monk)                         Turns: 3074, Time: 00:04:50

Health: 0/40       AC:  2    Str: 16    XL:     4   Next: 26%
Magic:  3/3        EV: 12    Int:  5    God:
Gold:   130        SH:  0    Dex: 11    Spells: 3/3 levels left

rFire   . . .      SeeInvis .     - Unarmed
rCold   + . .      Faith    .   (no shield)
rNeg    + + +      Spirit   .   a - +0 robe
rPois   ∞          Reflect  .   (no helmet)
rElec   .          Harm     .   (no cloak)
rCorr   .          Rampage  .   (no gloves)
Will    .....                   (no boots)
Stlth   ++........              (no amulet)
HPRegen 0.00/turn               (no ring)
MPRegen 0.08/turn               (no ring)

@: inhibited regen
A: claws 1, cold resistance 1, negative energy resistance 3, inhibited
regeneration, torment resistance 2, devour on kill
a: no special abilities


You were on level 3 of the Dungeon.
You visited 1 branch of the dungeon, and saw 3 of its levels.

You collected 130 gold pieces.

Inventory:

Armour
 a - a +0 robe (worn)
Jewellery
 f - a +6 ring of dexterity
Scrolls
 e - a scroll of teleportation {unknown}
 h - 2 scrolls of identify {unknown}
 k - a scroll of brand weapon {unknown}
 l - a scroll of enchant weapon {unknown}
Potions
 b - 2 potions of ambrosia
 c - 4 potions of curing {unknown}
 d - a potion of experience {unknown}
 g - 2 potions of berserk rage {unknown}
 i - a potion of might {unknown}
 j - a potion of mutation {unknown}
 m - 2 potions of attraction {unknown}


   Skills:
 + Level 3.6 Fighting
 * Level 3.3 Dodging
 - Level 3.0 Stealth
 + Level 4.2 Unarmed Combat


You had 3 spell levels left.
You didn't know any spells.
Your spell library contained the following spells:

 Spells                   Type           Power      Damage    Failure   Level
 Sandblast                Erth           0%         2d4       47%         1
 Passwall                 Tmut/Erth      0%         N/A       63%         2
 Stone Arrow              Conj/Erth      0%         3d7       85%         3


Dungeon Overview and Level Annotations

Branches:
Dungeon (3/15)

Altars:

Annotations:
D:3 Grinder; tasumai's ghost, amateur GrBe


Innate Abilities, Weirdness & Mutations

You are immune to poison.
You have sharp fingernails.
Your flesh is cold resistant. (rC+)
You are immune to negative energy. (rN+++)
You do not regenerate when monsters are visible.
You are immune to unholy pain and torment.
You thrive by killing the living.


Message History

Grinder says, "Make like a tree!"
Grinder barely misses you. The rat closely misses you.
You claw Grinder!
Grinder is heavily wounded.
The rat bites you. Grinder closely misses you.
You scratch Grinder.
Grinder is severely wounded.
You barely miss Grinder.
Grinder is severely wounded.
The rat closely misses you. Grinder barely misses you.
You scratch Grinder.
Grinder is severely wounded.
The rat barely misses you. Grinder hits you!
* * * LOW HITPOINT WARNING * * *
You barely miss Grinder.
Grinder is severely wounded.
The rat bites you.
* * * LOW HITPOINT WARNING * * *
Grinder gestures at you.
You suddenly lose the ability to move!
The rat bites you.
* * * LOW HITPOINT WARNING * * *
Grinder hits you.
* * * LOW HITPOINT WARNING * * *
The rat bites you.
* * * LOW HITPOINT WARNING * * *
Grinder blinks!
The rat bites you.
* * * LOW HITPOINT WARNING * * *
You can move again.
Unknown command.
The rat attacks as you move away! The rat completely misses you.
The rat attacks as you move away! The rat misses you.
The rat attacks as you move away! The rat bites you but does no damage.
The hobgoblin shouts!
The rat attacks as you move away! The rat closely misses you.
Grinder blinks!
The rat attacks as you move away! The rat barely misses you.
The rat attacks as you move away! The rat bites you.
You die...

.........# #.# ##.#
.....##..######.########.#
........§................#
...#.##..#####.##.########
# #g.# #.##.# #..# #.##.#
#..# #.##.# #.g#####.##.#
#....r@..##.#
#.#########.# ...# #.#
#####


You could see a hobgoblin and a rat.

Vanquished Creatures
  A gnoll (D:1)
  3 worms (D:2)
  A dart slug (D:1)
  5 ball pythons (D:1)
  A bat (D:3)
  4 endoplasms
  3 goblins
  6 hobgoblins
  3 jackals (D:1)
  10 kobolds
  3 quokkas
  3 frilled lizards
  6 rats
49 creatures vanquished.

Notes
Turn   | Place    | Note
-------+----------+-------------------------------------------
     0 | D:1      | om the Ghoul Monk began the quest for the Orb.
     0 | D:1      | Reached XP level 1. HP: 19/19 MP: 0/0
     3 | D:1      | Found a faded altar of an unknown god.
   168 | D:1      | Reached XP level 2. HP: 25/26 MP: 1/1
   441 | D:1      | Reached XP level 3. HP: 28/31 MP: 2/2
  2119 | D:2      | Reached skill level 4 in Unarmed Combat
  2119 | D:2      | Reached XP level 4. HP: 30/39 MP: 3/3
  2997 | D:3      | Noticed tasumai's ghost (amateur GrBe)
  3043 | D:3      | Noticed Grinder
  3060 | D:3      | Paralysed by Grinder for 3 turns
  3063 | D:3      | HP: 2/40 [rat (1)]
  3074 | D:3      | Slain by a rat

Illustrated notes

Levels and vault maps discovered:
D:1:      minmay_arrival_arboretum_small, layout_loops_ring,
          dreamdust_ecumenical_altar_grove, minmay_quantized
D:2:      layout_basic
D:3:      layout_loops_ring, mainiacjoe_overflow_boulevard, gammafunk_ghost_icy,
          uniq_grinder

Skill      XL: |  1  2  3 |
---------------+----------+-----
Dodging        | 3 |  3.3
Stealth        | 3 |  3.0
Unarmed Combat | 4 |  4.2
Fighting       | |  3.6

Action                   |  1- 3 |  4- 6 || total
-------------------------+-------+-------++-------
Melee: Unarmed           |   101 |    46 ||   147
       Punch             |       |     1 ||     1
 Stab: Sleeping          |     7 |       ||     7
Armor: Robe              |    16 |    12 ||    28
Dodge: Dodged            |    31 |    29 ||    60

Table legend: (Time is in decaauts)
 A = Elapsed time spent in this place.
 B = Non-inter-level travel time spent in this place.
 C = Inter-level travel time spent in this place.
 D = Time resting spent in this place.
 E = Time spent auto-exploring this place.
 F = Levels seen in this place.
 G = Mean time per level.
                   A        B        C        D        E       F      G
               +--------+--------+--------+--------+--------+-----+--------+
         Total |   3062 |   3015 |     47 |   1293 |   1321 |   3 | 1020.7 |
       Dungeon |   3062 |   3015 |     47 |   1293 |   1321 |   3 | 1020.7 |
               +--------+--------+--------+--------+--------+-----+--------+

Top non-repeatable levels by time:
     D:2: 1559 daAuts
     D:1: 1423 daAuts
     D:3: 80 daAuts
